[Event "11th LCC Super Blitz 2019"]
[Site "London"]
[Date "2019.12.08"]
[Round "1.13"]
[White "Nunn, Petra"]
[Black "Pham, Catherine"]
[Result "1-0"]
[ECO "B46"]
[WhiteElo "1908"]
[BlackElo "1280"]
[Annotator "NA"]
[PlyCount "121"]
[EventDate "2019.12.08"]
[EventType "swiss"]
[EventCountry "ENG"]
[SourceTitle "playchess.com"]
[Source "ChessBase"]
[SourceQuality "1"]
[TimeControl "180+2"]

1. e4 c5 2. Nf3 e6 3. d4 cxd4 4. Nxd4 Nc6 5. Nc3 a6 6. g3 Nf6 7. Bg2 Bb4 8. O-O O-O 9. Nce2 d5 10. exd5 Nxd5 11. Nxc6 bxc6 12. c3 Be7 13. Re1 Qc7 14. Nf4 a5 15. c4 Nxf4 16. Bxf4 Qb6 17. Qc2 Ba6 18. b3 Bf6 19. Be5 Bxe5 20. Rxe5 Rfd8 21. Ree1 Rd7 22. Red1 Rad8 23. Rxd7 Rxd7 24. Rd1 Qc7 25. h4 c5 26. Rd3 Rxd3 27. Qxd3 h6 28. Kh2 Bb7 29. Qc3 Bxg2 30. Kxg2 Qc6+ 31. Kh2 Qd6 32. Qxa5 Kh7 33. Qc3 f6 34. Qe3 e5 35. Qe4+ Kg8 36. Kg2 Kf7 37. h5 Kg8 38. Qd5+ Qxd5+ 39. cxd5 Kf7 40. Kf3 Ke7 41. Ke4 Kd6 42. g4 Kd7 43. a4 Kd6 44. a5 Kc7 45. a6 Kb6 46. d6 Kxa6 47. d7 Kb5 48. d8=Q Kb4 49. Kd5 Kxb3 50. Kxc5 Kc3 51. Qa5+ Kd3 52. Qa3+ Ke2 53. Qe3+ Kd1 54. f4 Kc2 55. fxe5 Kd1 56. e6 Kc2 57. Kc4 Kb2 58. Qc3+ Ka2 59. Qb4 Ka1 60. Kc3 Ka2 61. Qb2# 1-0

[Event "11th LCC Super Blitz 2019"]
[Site "London"]
[Date "2019.12.08"]
[Round "1.13"]
[White "Ball, Charlie J"]
[Black "Tanmay Chopra"]
[Result "0-1"]
[ECO "D00"]
[WhiteElo "1249"]
[BlackElo "2100"]
[Annotator "NA"]
[PlyCount "66"]
[EventDate "2019.12.08"]
[EventType "swiss"]
[EventCountry "ENG"]
[SourceTitle "playchess.com"]
[Source "ChessBase"]
[SourceQuality "1"]
[TimeControl "180+2"]

1. d4 Nf6 2. Bf4 d5 3. e3 c5 4. c3 Nc6 5. Bd3 Qb6 6. Qc2 cxd4 7. exd4 Bg4 8. Nf3 Rc8 9. Nbd2 e6 10. h3 Bh5 11. O-O Be7 12. Qb3 Nd7 13. Ne5 Ncxe5 14. Bxe5 f6 15. Bh2 O-O 16. Qc2 h6 17. g4 Bf7 18. h4 e5 19. dxe5 Nxe5 20. Bf5 Be6 21. Bxe6+ Qxe6 22. Rae1 Qxg4+ 23. Kh1 Qxh4 24. Qf5 Bd6 25. Qe6+ Nf7 26. f4 d4 27. cxd4 Rc2 28. Nf3 Qh5 29. Re3 Bxf4 30. Re4 Rxh2+ 31. Kg1 Qg6+ 32. Ng5 Qxg5+ 33. Qg4 Qxg4# 0-1

[Event "11th LCC Super Blitz 2019"]
[Site "London"]
[Date "2019.12.08"]
[Round "1.14"]
[White "Neo, Jing Yi Mischa"]
[Black "Arapalea, Daniel-Ionel"]
[Result "1-0"]
[ECO "B52"]
[WhiteElo "1240"]
[BlackElo "1840"]
[Annotator "NA"]
[PlyCount "62"]
[EventDate "2019.12.08"]
[EventType "swiss"]
[EventCountry "ENG"]
[SourceTitle "playchess.com"]
[Source "ChessBase"]
[SourceQuality "1"]
[TimeControl "180+2"]

1. e4 c5 2. Nf3 d6 3. Bb5+ Bd7 4. Bxd7+ Nxd7 5. O-O e5 6. Nc3 h6 7. d4 cxd4 8. Nd5 Ngf6 9. Re1 Nb6 10. c4 Nfxd5 11. cxd5 Be7 12. Bd2 O-O 13. Rc1 Rc8 14. Qb3 Qd7 15. Ba5 Na4 16. Nd2 Nc5 17. Qb4 b6 18. Bxb6 axb6 19. Qb3 Nxb3 20. Nxb3 Rxc1 21. Rxc1 Rc8 22. Rxc8+ Qxc8 23. h3 Qc2 24. Na1 Qb1+ 25. Kh2 Qxa1 26. g3 Qxb2 27. h4 d3 28. g4 d2 29. h5 d1=Q 30. Kh3 Qxf2 31. g5 Qdf3# 1-0

[Event "11th LCC Super Blitz 2019"]
[Site "London"]
[Date "2019.12.08"]
[Round "1.15"]
[White "Joslin, Tim"]
[Black "Thatte, Nandinee"]
[Result "1-0"]
[ECO "B01"]
[WhiteElo "1822"]
[BlackElo "1270"]
[Annotator "NA"]
[PlyCount "59"]
[EventDate "2019.12.08"]
[EventType "swiss"]
[EventCountry "ENG"]
[SourceTitle "playchess.com"]
[Source "ChessBase"]
[SourceQuality "1"]
[TimeControl "180+2"]

1. e4 d5 2. exd5 Qxd5 3. Nc3 Qa5 4. Bc4 Bf5 5. Nf3 e6 6. O-O Nf6 7. Re1 c6 8. d3 Bd6 9. a3 O-O 10. b4 Qc7 11. h3 h6 12. Nd4 Bh7 13. Ne4 Nxe4 14. Rxe4 Bxe4 15. dxe4 Re8 16. Qg4 Be5 17. c3 Nd7 18. Bxh6 Bf6 19. f4 e5 20. Nf5 exf4 21. Bxg7 Ne5 22. Qxf4 Bxg7 23. Qg3 Nf3+ 24. Qxf3 Qe5 25. Rf1 Rf8 26. Qg4 Qxc3 27. Nh6+ Kh7 28. Bxf7 Bxh6 29. Qg6+ Kh8 30. Qxh6# 1-0

[Event "11th LCC Super Blitz 2019"]
[Site "London"]
[Date "2019.12.08"]
[Round "2.1"]
[White "Jones, Gawain C B"]
[Black "Gudenas, Motiejus"]
[Result "1-0"]
[ECO "D02"]
[WhiteElo "2683"]
[BlackElo "1993"]
[Annotator "ChessBase"]
[PlyCount "78"]
[EventDate "2019.12.08"]
[EventType "swiss"]
[EventCountry "ENG"]
[SourceTitle "playchess.com"]
[Source "ChessBase"]
[SourceQuality "1"]
[TimeControl "180+2"]

1. d4 Nf6 2. Bf4 c5 3. e3 e6 4. Nd2 d5 5. Ngf3 Bd6 6. Ne5 O-O 7. dxc5 Bxc5 8. Bd3 Nc6 9. Ndf3 Bd6 10. O-O Qc7 11. Nxc6 bxc6 12. Bxd6 Qxd6 13. Re1 e5 14. e4 d4 15. Nd2 Bg4 16. f3 Be6 17. f4 Bg4 18. Nf3 Nd7 19. f5 f6 20. h3 Bh5 21. g4 Bf7 22. Re2 c5 23. b3 Rac8 24. Nd2 Nb6 25. Nc4 Nxc4 26. Bxc4 Bxc4 27. bxc4 Rb8 28. Qd3 Rb7 29. Rg2 Rfb8 30. Kh2 Rb2 31. h4 h6 32. Qa3 Qb6 33. Qg3 Qa6 34. g5 fxg5 35. hxg5 hxg5 36. Qxg5 R2b7 37. Rag1 Qxc4 38. Qh6 Qf7 39. f6 Qd7 1-0

[Event "11th LCC Super Blitz 2019"]
[Site "London"]
[Date "2019.12.08"]
[Round "2.1"]
[White "Zulfic, Fedja"]
[Black "Howell, David Wl"]
[Result "0-1"]
[ECO "A40"]
[WhiteElo "2032"]
[BlackElo "2650"]
[Annotator "ChessBase"]
[PlyCount "70"]
[EventDate "2019.12.08"]
[EventType "swiss"]
[EventCountry "ENG"]
[SourceTitle "playchess.com"]
[Source "ChessBase"]
[SourceQuality "1"]
[TimeControl "180+2"]

1. d4 e6 2. Nf3 b6 3. Bf4 Bb7 4. e3 h6 5. h3 d6 6. Nbd2 Nd7 7. Bd3 Ne7 8. e4 a6 9. Qe2 g6 10. O-O Bg7 11. Qe3 Kf8 12. c3 Kg8 13. Nh2 Qf8 14. Rae1 Re8 15. Bg3 b5 16. f4 f5 17. exf5 Nxf5 18. Bxf5 gxf5 19. Bh4 Nb6 20. Qg3 Kh7 21. Re2 Rg8 22. Qd3 Kh8 23. Rfe1 Qf7 24. Ndf1 Qh5 25. Bg3 Qg6 26. Nf3 Be4 27. Qe3 Bf6 28. Qf2 Rg7 29. Nh4 Qh5 30. Rxe4 fxe4 31. Rxe4 Rxg3 32. Qxg3 Bxh4 33. Qe3 Nd5 34. Qd3 Qg6 35. f5 Qxf5 0-1

[Event "11th LCC Super Blitz 2019"]
[Site "London"]
[Date "2019.12.08"]
[Round "2.2"]
[White "Aravindh, Chithambaram Vr"]
[Black "Iyengar, Ilya"]
[Result "1-0"]
[ECO "E63"]
[WhiteElo "2560"]
[BlackElo "1984"]
[Annotator "ChessBase"]
[PlyCount "81"]
[EventDate "2019.12.08"]
[EventType "swiss"]
[EventCountry "ENG"]
[SourceTitle "playchess.com"]
[Source "ChessBase"]
[SourceQuality "1"]
[TimeControl "180+2"]

1. d4 Nf6 2. c4 g6 3. Nf3 Bg7 4. g3 O-O 5. Bg2 d6 6. O-O Nc6 7. Nc3 a6 8. Bf4 Rb8 9. Rc1 Bf5 10. d5 Na5 11. b3 c5 12. dxc6 Nxc6 13. Qd2 Ne4 14. Nxe4 Bxe4 15. Rfd1 Rc8 16. Bh6 Qa5 17. Qxa5 Nxa5 18. Bxg7 Kxg7 19. Nd4 Bxg2 20. Kxg2 Nc6 21. Nc2 Kf6 22. Ne3 Rfd8 23. Rd2 Kg7 24. Nd5 f6 25. f4 Kf7 26. Nb6 Rc7 27. Rcd1 Re8 28. e3 Nb8 29. Kf3 Nd7 30. Nd5 Rcc8 31. g4 Nc5 32. h4 Red8 33. Nc3 Re8 34. Rh1 Ne6 35. Nd5 Nc5 36. h5 Kg7 37. hxg6 hxg6 38. Rdh2 Kf7 39. f5 gxf5 40. Rh7+ Kg6 41. Nf4+ 1-0

[Event "11th LCC Super Blitz 2019"]
[Site "London"]
[Date "2019.12.08"]
[Round "2.2"]
[White "Pert, Nicholas"]
[Black "Pappelis, Dimitrios"]
[Result "1-0"]
[ECO "D32"]
[WhiteElo "2560"]
[BlackElo "2160"]
[Annotator "ChessBase"]
[PlyCount "71"]
[EventDate "2019.12.08"]
[EventType "swiss"]
[EventCountry "ENG"]
[SourceTitle "playchess.com"]
[Source "ChessBase"]
[SourceQuality "1"]
[TimeControl "180+2"]

1. d4 d5 2. c4 e6 3. Nf3 c5 4. cxd5 exd5 5. Nc3 Nc6 6. dxc5 Bxc5 7. Qxd5 Qe7 8. Bg5 f6 9. Bf4 Be6 10. Qe4 f5 11. Qa4 Nf6 12. e3 O-O 13. Bc4 Rac8 14. Bxe6+ Qxe6 15. O-O Ne4 16. Rac1 Bb6 17. Nxe4 Qxe4 18. Qxe4 fxe4 19. Nd2 Rfe8 20. Rc4 Na5 21. Rxc8 Rxc8 22. Nxe4 Rc2 23. b4 Nc6 24. b5 Nb4 25. a3 Nd3 26. Bg3 h6 27. h4 Ra2 28. Nd6 Rxa3 29. Nxb7 Rb3 30. Rd1 Nb2 31. Rd5 Nc4 32. Nd6 Rb1+ 33. Kh2 Nb2 34. Nc8 Rf1 35. Nxb6 axb6 36. Rd6 1-0

[Event "11th LCC Super Blitz 2019"]
[Site "London"]
[Date "2019.12.08"]
[Round "2.2"]
[White "Nettleton, Charlie B"]
[Black "Rowson, Jonathan"]
[Result "0-1"]
[ECO "B12"]
[WhiteElo "2021"]
[BlackElo "2561"]
[Annotator "ChessBase"]
[PlyCount "64"]
[EventDate "2019.12.08"]
[EventType "swiss"]
[EventCountry "ENG"]
[SourceTitle "playchess.com"]
[Source "ChessBase"]
[SourceQuality "1"]
[TimeControl "180+2"]

1. e4 c6 2. d4 d5 3. e5 Bf5 4. h4 h5 5. Bg5 Qb6 6. Bd3 Bxd3 7. Qxd3 e6 8. Nd2 Qa6 9. Ne2 Qxd3 10. cxd3 Ne7 11. Bxe7 Bxe7 12. Rc1 Na6 13. a3 c5 14. dxc5 Nxc5 15. Nf4 Kd7 16. d4 Na6 17. Nd3 Rac8 18. Ke2 Nb8 19. g3 Nc6 20. Ke3 b6 21. b4 Rc7 22. Nb3 Rhc8 23. b5 Nd8 24. Rxc7+ Rxc7 25. a4 Rc3 26. Nd2 Ra3 27. Nb1 Rxa4 28. Nc3 Ra3 29. Rc1 Nb7 30. f4 g6 31. Kd2 Na5 32. Nb2 Nb3+ 0-1

[Event "11th LCC Super Blitz 2019"]
[Site "London"]
[Date "2019.12.08"]
[Round "2.3"]
[White "Maze, Sebastien"]
[Black "Stamatopoulos, Apostolos"]
[Result "1-0"]
[ECO "B56"]
[WhiteElo "2549"]
[BlackElo "1782"]
[Annotator "ChessBase"]
[PlyCount "61"]
[EventDate "2019.12.08"]
[EventType "swiss"]
[EventCountry "ENG"]
[SourceTitle "playchess.com"]
[Source "ChessBase"]
[SourceQuality "1"]
[TimeControl "180+2"]

1. e4 c5 2. Nf3 d6 3. Nc3 Nc6 4. Bb5 Bd7 5. O-O Nf6 6. Re1 e6 7. d4 cxd4 8. Nxd4 a6 9. Bf1 Be7 10. a4 b6 11. Nb3 O-O 12. Bf4 Qc7 13. Qd2 Nh5 14. Bg5 f6 15. Be3 Ne5 16. Qe2 g6 17. f4 Nf7 18. Qf2 Rab8 19. Bxa6 e5 20. Nd5 Qd8 21. Bxb6 Rxb6 22. Qxb6 Qe8 23. Bb5 Nxf4 24. Rad1 Nxd5 25. Rxd5 Bxb5 26. axb5 Nd8 27. Na5 f5 28. Nc6 Bg5 29. Nxd8 Bxd8 30. Qxd6 Qxb5 31. Rxb5 1-0

[Event "11th LCC Super Blitz 2019"]
[Site "London"]
[Date "2019.12.08"]
[Round "2.3"]
[White "Rahman, Asad"]
[Black "Grover, Sahaj"]
[Result "0-1"]
[ECO "C01"]
[WhiteElo "1923"]
[BlackElo "2486"]
[Annotator "ChessBase"]
[PlyCount "67"]
[EventDate "2019.12.08"]
[EventType "swiss"]
[EventCountry "ENG"]
[SourceTitle "playchess.com"]
[Source "ChessBase"]
[SourceQuality "1"]
[TimeControl "180+2"]

1. e4 e6 2. d4 d5 3. exd5 exd5 4. Nf3 Bd6 5. Bd3 Ne7 6. h3 Nbc6 7. O-O Bf5 8. Re1 Qd7 9. c4 Bxd3 10. Qxd3 dxc4 11. Qxc4 O-O 12. Nc3 Rad8 13. Bg5 h6 14. Be3 Nf5 15. Rad1 Rfe8 16. d5 Nxe3 17. fxe3 Ne5 18. Nxe5 Rxe5 19. Nb5 Rg5 20. Nxd6 Qxh3 21. Qe4 Rxd6 22. Rd2 Rdg6 23. Ree2 Rh5 24. Kf1 Qh1+ 25. Kf2 Rf6+ 26. Kg3 Rg5+ 27. Qg4 Rxg4+ 28. Kxg4 h5+ 29. Kg5 Qh2 30. g4 Rg6+ 31. Kf5 Qh3 32. Rg2 Rxg4 33. Ke5 Rxg2 34. Kd4 0-1

[Event "11th LCC Super Blitz 2019"]
[Site "London"]
[Date "2019.12.08"]
[Round "2.3"]
[White "Kennedy, Craig"]
[Black "Arkell, Keith C"]
[Result "0-1"]
[ECO "B12"]
[WhiteElo "1899"]
[BlackElo "2453"]
[Annotator "ChessBase"]
[PlyCount "44"]
[EventDate "2019.12.08"]
[EventType "swiss"]
[EventCountry "ENG"]
[SourceTitle "playchess.com"]
[Source "ChessBase"]
[SourceQuality "1"]
[TimeControl "180+2"]

1. e4 c6 2. d4 d5 3. e5 c5 4. Nf3 cxd4 5. Bd3 Nc6 6. O-O Bg4 7. Nbd2 e6 8. Re1 Nge7 9. h3 Bh5 10. Nb3 Qb6 11. g4 Bg6 12. Nbxd4 Bxd3 13. Qxd3 h5 14. Nb5 Ng6 15. Nd6+ Bxd6 16. exd6 hxg4 17. Rxe6+ Kd7 18. Rxg6 fxg6 19. Ng5 Ne5 20. Qxd5 Rae8 21. Be3 Qc6 22. Qa5 gxh3 0-1

[Event "11th LCC Super Blitz 2019"]
[Site "London"]
[Date "2019.12.08"]
[Round "2.4"]
[White "Beinoras, Mindaugas"]
[Black "Nunn, Petra"]
[Result "1-0"]
[ECO "D00"]
[WhiteElo "2401"]
[BlackElo "1908"]
[Annotator "NA"]
[PlyCount "31"]
[EventDate "2019.12.08"]
[EventType "swiss"]
[EventCountry "ENG"]
[SourceTitle "playchess.com"]
[Source "ChessBase"]
[SourceQuality "1"]
[TimeControl "180+2"]

1. d4 d5 2. Bg5 h6 3. Bh4 c5 4. e3 Nc6 5. c3 Qb6 6. Qb3 c4 7. Qxb6 axb6 8. Na3 Bf5 9. Nb5 O-O-O 10. Nf3 f6 11. Bg3 g5 12. b3 Be6 13. bxc4 dxc4 14. e4 Na5 15. d5 Bd7 16. Na7# 1-0

[Event "11th LCC Super Blitz 2019"]
[Site "London"]
[Date "2019.12.08"]
[Round "2.4"]
[White "Mortazavi, Ali"]
[Black "Bird, Joel"]
[Result "0-1"]
[ECO "B10"]
[WhiteElo "2333"]
[BlackElo "2009"]
[Annotator "NA"]
[PlyCount "60"]
[EventDate "2019.12.08"]
[EventType "swiss"]
[EventCountry "ENG"]
[SourceTitle "playchess.com"]
[Source "ChessBase"]
[SourceQuality "1"]
[TimeControl "180+2"]

1. Nf3 d5 2. g3 Nf6 3. Bg2 g6 4. O-O Bg7 5. d3 O-O 6. Nbd2 Nbd7 7. e4 e5 8. exd5 Nxd5 9. Re1 c6 10. Nc4 Qc7 11. a4 Re8 12. c3 N7b6 13. a5 Nxc4 14. dxc4 Ne7 15. a6 Nf5 16. axb7 Bxb7 17. c5 a5 18. Ng5 Qe7 19. Qb3 Rab8 20. Rxa5 Ba6 21. Qa3 Bb5 22. Ne4 Qe6 23. Ng5 Qc4 24. Bf1 Qd5 25. Bg2 Qc4 26. Ne4 h5 27. b3 Qd3 28. c4 Bxc4 29. bxc4 Rb1 30. Qxd3 Rb2 0-1

[Event "11th LCC Super Blitz 2019"]
[Site "London"]
[Date "2019.12.08"]
[Round "2.4"]
[White "Tanmay Chopra"]
[Black "Wallace, John Paul"]
[Result "0-1"]
[ECO "B84"]
[WhiteElo "2100"]
[BlackElo "2344"]
[Annotator "NA"]
[PlyCount "62"]
[EventDate "2019.12.08"]
[EventType "swiss"]
[EventCountry "ENG"]
[SourceTitle "playchess.com"]
[Source "ChessBase"]
[SourceQuality "1"]
[TimeControl "180+2"]

1. e4 c5 2. Nf3 d6 3. d4 cxd4 4. Nxd4 Nf6 5. Nc3 a6 6. Be3 e6 7. Be2 Be7 8. O-O O-O 9. f4 Qc7 10. Qe1 b5 11. a3 Bb7 12. Bd3 Nbd7 13. Qg3 Nc5 14. e5 dxe5 15. fxe5 Nfd7 16. Bf4 Nxd3 17. cxd3 Bc5 18. Nce2 Kh8 19. Kh1 Ba7 20. Nf3 Qc2 21. Neg1 Nc5 22. Ng5 Qxd3 23. N1f3 Ne4 24. Qh3 Nxg5 25. Nxg5 Qxh3 26. Nxh3 h6 27. Rac1 Rac8 28. Nf2 Rxc1 29. Bxc1 Rc8 30. Nd3 Kg8 31. b4 Rc2 0-1

[Event "11th LCC Super Blitz 2019"]
[Site "London"]
[Date "2019.12.08"]
[Round "2.5"]
[White "Bukojemski, Adam"]
[Black "Janula, Mariusz"]
[Result "1-0"]
[ECO "B53"]
[WhiteElo "2219"]
[BlackElo "1767"]
[Annotator "NA"]
[PlyCount "109"]
[EventDate "2019.12.08"]
[EventType "swiss"]
[EventCountry "ENG"]
[SourceTitle "playchess.com"]
[Source "ChessBase"]
[SourceQuality "1"]
[TimeControl "180+2"]

1. e4 c5 2. Nf3 d6 3. d4 cxd4 4. Qxd4 Nf6 5. h3 Nc6 6. Qe3 g6 7. c4 Bg7 8. Nc3 O-O 9. Bd3 Bd7 10. O-O a6 11. Bd2 Rc8 12. Rac1 Re8 13. Rfd1 e6 14. Bf1 Qe7 15. b3 h6 16. Na4 b5 17. Nb6 Rb8 18. cxb5 axb5 19. Bxb5 Ne5 20. Nxe5 dxe5 21. Rc7 Qd6 22. Rxd7 Qxb6 23. Ba4 Nxd7 24. Bxd7 Red8 25. Qxb6 Rxb6 26. Ba5 Rbb8 27. Bxd8 Rxd8 28. b4 Bf8 29. a3 Be7 30. Kf1 Ra8 31. Rd3 Bd8 32. Ke2 Kf8 33. Kd2 Bb6 34. f3 Ke7 35. Kc2 Ra7 36. Bb5 Rc7+ 37. Kb3 Bd4 38. a4 f5 39. a5 g5 40. Bc4 h5 41. b5 Rb7 42. b6 g4 43. Ka4 h4 44. hxg4 fxe4 45. fxe4 Kd6 46. Kb5 Rg7 47. a6 Rxg4 48. b7 Kc7 49. Rd2 Rxe4 50. Bxe6 Ba7 51. Rd7+ Kb8 52. Rd8+ Kc7 53. Rc8+ Kd6 54. Bc4 Rg4 55. b8=Q+ 1-0

[Event "11th LCC Super Blitz 2019"]
[Site "London"]
[Date "2019.12.08"]
[Round "2.5"]
[White "Rushbrooke, Remy"]
[Black "Cox, John J"]
[Result "1-0"]
[ECO "A80"]
[WhiteElo "1877"]
[BlackElo "2346"]
[Annotator "NA"]
[PlyCount "45"]
[EventDate "2019.12.08"]
[EventType "swiss"]
[EventCountry "ENG"]
[SourceTitle "playchess.com"]
[Source "ChessBase"]
[SourceQuality "1"]
[TimeControl "180+2"]

1. d4 f5 2. Nc3 d5 3. e4 dxe4 4. Bf4 Nf6 5. f3 e6 6. fxe4 fxe4 7. Bc4 Bb4 8. Nge2 O-O 9. O-O Nc6 10. Bg5 Kh8 11. Nxe4 Be7 12. Nxf6 Bxf6 13. Bxf6 Rxf6 14. Rxf6 Qxf6 15. Qd3 Bd7 16. Rf1 Qe7 17. Nf4 e5 18. Ng6+ hxg6 19. Qxg6 Qd6 20. Qf7 Na5 21. Bd3 Re8 22. dxe5 Qxe5 23. Qf5 1-0

[Event "11th LCC Super Blitz 2019"]
[Site "London"]
[Date "2019.12.08"]
[Round "2.5"]
[White "Arapalea, Daniel-Ionel"]
[Black "Willow, Jonah B"]
[Result "1/2-1/2"]
[ECO "B22"]
[WhiteElo "1840"]
[BlackElo "2355"]
[Annotator "NA"]
[PlyCount "102"]
[EventDate "2019.12.08"]
[EventType "swiss"]
[EventCountry "ENG"]
[SourceTitle "playchess.com"]
[Source "ChessBase"]
[SourceQuality "1"]
[TimeControl "180+2"]

1. e4 c5 2. Nf3 Nc6 3. c3 Nf6 4. Qc2 e5 5. Be2 Be7 6. O-O O-O 7. Rd1 d6 8. a3 b6 9. b4 h6 10. Bb2 Bg4 11. d3 Rc8 12. Qd2 Nh5 13. Bc1 Nf4 14. Qe1 Nxe2+ 15. Qxe2 Qd7 16. Nbd2 Kh8 17. h3 Bh5 18. g4 Bg6 19. Nf1 d5 20. Ng3 cxb4 21. cxb4 Nd4 22. Nxd4 exd4 23. exd5 Bh4 24. Qf3 Rc2 25. Bf4 Rd8 26. Re1 Qxd5 27. Qxd5 Rxd5 28. Re8+ Kh7 29. Rd1 Rc3 30. Ne4 Bxe4 31. Rxe4 Rc2 32. Bg3 Bf6 33. f4 Rc3 34. h4 Rxa3 35. g5 hxg5 36. hxg5 Bd8 37. Kf2 Kg6 38. Bh4 Kf5 39. Kf3 Bc7 40. Re7 Bd6 41. Rxf7+ Kg6 42. Rd7 Kf5 43. Rf7+ Kg6 44. Rd7 Kf5 45. Rf7+ Ke6 46. Rxg7 Rf5 47. Rg6+ Kd5 48. Rxd6+ Kxd6 49. Ke4 Ke6 50. Rc1 Rc3 51. Ra1 Rc2 1/2-1/2

[Event "11th LCC Super Blitz 2019"]
[Site "London"]
[Date "2019.12.08"]
[Round "2.6"]
[White "Roberson, Peter T"]
[Black "Ozturan, Cem"]
[Result "1-0"]
[ECO "D00"]
[WhiteElo "2282"]
[BlackElo "1853"]
[Annotator "NA"]
[PlyCount "172"]
[EventDate "2019.12.08"]
[EventType "swiss"]
[EventCountry "ENG"]
[SourceTitle "playchess.com"]
[Source "ChessBase"]
[SourceQuality "1"]
[TimeControl "180+2"]

1. Nc3 Nf6 2. d4 d5 3. Bf4 e6 4. e3 Bd6 5. Bd3 c6 6. Nf3 Bxf4 7. exf4 O-O 8. O-O b6 9. Qe2 c5 10. Qe3 Nc6 11. Bb5 cxd4 12. Nxd4 Nxd4 13. Qxd4 Bd7 14. Bd3 g6 15. Rfe1 Nh5 16. g3 Qf6 17. Re5 Ng7 18. Rd1 Nf5 19. Bxf5 gxf5 20. Rxd5 Qxd4 21. R5xd4 Bc6 22. Kf1 Rfc8 23. Ke2 a5 24. Ke3 b5 25. a3 Rab8 26. Na2 Bd5 27. Nc3 Bc6 28. Ne2 Bd5 29. c3 Bb3 30. R1d2 Bd5 31. Nc1 b4 32. axb4 axb4 33. Ne2 bxc3 34. Nxc3 Rxb2 35. Rxb2 Rxc3+ 36. Rd3 Rc1 37. h4 Re1+ 38. Kd4 Re4+ 39. Kc5 Rc4+ 40. Kd6 Rc6+ 41. Kd7 Rc1 42. Ke7 Rc7+ 43. Kf6 Rc8 44. Rbd2 h6 45. Rxd5 exd5 46. Rxd5 Rc6+ 47. Kxf5 Kg7 48. Rd2 Rf6+ 49. Kg4 Ra6 50. Re2 Ra5 51. f5 Ra4+ 52. f4 Ra3 53. Rd2 Rb3 54. Rd6 Ra3 55. Rc6 Rb3 56. Ra6 Rc3 57. f6+ Kg6 58. h5+ Kh7 59. Ra7 Kg8 60. Re7 Ra3 61. Kh4 Ra1 62. Kg4 Ra3 63. Rd7 Rb3 64. Kh4 Rb6 65. g4 Rxf6 66. Kg3 Ra6 67. g5 hxg5 68. fxg5 Ra4 {[%emt 0:00:01] Kf4 Kg7+ Kg3 Kg8} 69. Kf3 Rb4 70. Ke3 Ra4 71. Rd4 Ra5 72. Kf4 Ra1 73. Kf5 Kg7 74. h6+ Kh7 75. Rf4 Ra6 76. Ke5 Ra5+ 77. Kf6 Ra6+ 78. Kxf7 Ra7+ 79. Kf6 Ra6+ 80. Kf5 Rg6 81. Re4 Ra6 82. Re7+ Kg8 83. Re6 Ra7 84. g6 Ra5+ 85. Kf6 Ra8 86. Rd6 Rb8 1-0

[Event "11th LCC Super Blitz 2019"]
[Site "London"]
[Date "2019.12.08"]
[Round "2.6"]
[White "Stepanyan, Henrik"]
[Black "Srivastava, Arnav"]
[Result "1-0"]
[ECO "E18"]
[WhiteElo "2193"]
[BlackElo "1728"]
[Annotator "NA"]
[PlyCount "59"]
[EventDate "2019.12.08"]
[EventType "swiss"]
[EventCountry "ENG"]
[SourceTitle "playchess.com"]
[Source "ChessBase"]
[SourceQuality "1"]
[TimeControl "180+2"]

1. d4 Nf6 2. c4 e6 3. Nf3 b6 4. g3 Bb7 5. Bg2 Be7 6. O-O O-O 7. Nc3 c5 8. d5 d6 9. e4 e5 10. Nh4 Bc8 11. Kh1 Ne8 12. Nf5 Bxf5 13. exf5 g6 14. f4 Ng7 15. fxe5 Nxf5 16. e6 Na6 17. Rxf5 gxf5 18. Bh6 Bf6 19. Bxf8 Qxf8 20. Qf3 Bxc3 21. bxc3 fxe6 22. dxe6 Re8 23. Qb7 Nb8 24. Qxa7 Rxe6 25. Bd5 Qe8 26. Bxe6+ Qxe6 27. Qxb8+ Kf7 28. Qb7+ Kf6 29. Qd5 Qe3 30. Rf1 1-0

[Event "11th LCC Super Blitz 2019"]
[Site "London"]
[Date "2019.12.08"]
[Round "2.6"]
[White "Klingher, Dominic"]
[Black "Young, Daniel J"]
[Result "1-0"]
[ECO "B26"]
[WhiteElo "2071"]
[BlackElo "1947"]
[Annotator "NA"]
[PlyCount "39"]
[EventDate "2019.12.08"]
[EventType "swiss"]
[EventCountry "ENG"]
[SourceTitle "playchess.com"]
[Source "ChessBase"]
[SourceQuality "1"]
[TimeControl "180+2"]

1. e4 c5 2. Nc3 Nc6 3. g3 g6 4. Bg2 Bg7 5. Nge2 d6 6. d3 e6 7. Be3 Nge7 8. Qd2 O-O 9. Bh6 Bxh6 10. Qxh6 Nd4 11. Rc1 Rb8 12. h4 Qd7 13. h5 Nec6 14. Nf4 b5 15. Bh3 Nf3+ 16. Kf1 Ncd4 17. Ncd5 f5 18. hxg6 exd5 19. Bxf5 Nxf5 20. gxh7+ 1-0

[Event "11th LCC Super Blitz 2019"]
[Site "London"]
[Date "2019.12.08"]
[Round "2.7"]
[White "Ratnesan, Ranesh"]
[Black "Petrov, Vladimir Sergeev"]
[Result "1-0"]
[ECO "E32"]
[WhiteElo "2213"]
[BlackElo "2355"]
[Annotator "NA"]
[PlyCount "90"]
[EventDate "2019.12.08"]
[EventType "swiss"]
[EventCountry "ENG"]
[SourceTitle "playchess.com"]
[Source "ChessBase"]
[SourceQuality "1"]
[TimeControl "180+2"]

1. d4 Nf6 2. c4 e6 3. Nc3 Bb4 4. Qc2 O-O 5. a3 Bxc3+ 6. Qxc3 b5 7. cxb5 c6 8. bxc6 Nxc6 9. Nf3 Ba6 10. Bg5 Rc8 11. Qd2 Na5 12. Bxf6 gxf6 13. Rd1 Nb3 14. Qb4 Rb8 15. Qa4 Qc8 16. g3 Rb6 17. e3 Qb7 18. Bg2 Qc7 19. Bf1 Qb7 20. Bg2 d5 21. Bf1 Rc8 22. Bxa6 Rxa6 23. Qb4 Qxb4+ 24. axb4 Ra2 25. O-O Rxb2 26. Rb1 Rcc2 27. Rxb2 Rxb2 28. h4 Kf8 29. Kg2 Ke7 30. Kh3 Kd6 31. Kg4 Kc6 32. Kh5 Kb5 33. Kh6 Kxb4 34. Kxh7 a5 35. Kg7 a4 36. h5 a3 37. h6 a2 38. h7 Rb1 39. Rxb1 axb1=Q 40. h8=Q Qg6+ 41. Kf8 Kc3 42. Ke7 f5 43. Qf6 Qg4 44. Ne5 Qe2 45. Qxf7 Qxf2 1-0

[Event "11th LCC Super Blitz 2019"]
[Site "London"]
[Date "2019.12.08"]
[Round "2.7"]
[White "Orlovska, Madara"]
[Black "Yeo, Klaus Lucas"]
[Result "1-0"]
[ECO "D00"]
[WhiteElo "2072"]
[BlackElo "1176"]
[Annotator "NA"]
[PlyCount "97"]
[EventDate "2019.12.08"]
[EventType "swiss"]
[EventCountry "ENG"]
[SourceTitle "playchess.com"]
[Source "ChessBase"]
[SourceQuality "1"]
[TimeControl "180+2"]

1. d4 d5 2. e4 dxe4 3. Nc3 Nc6 4. Be3 e6 5. Nxe4 Nf6 6. Nxf6+ Qxf6 7. Qd2 Bd7 8. Nf3 h6 9. O-O-O O-O-O 10. Kb1 Bd6 11. Bb5 a6 12. Ba4 Ne7 13. Bxd7+ Rxd7 14. c4 c6 15. Ka1 Bc7 16. Qc3 Rhd8 17. Rc1 Nf5 18. Rhe1 c5 19. dxc5 Qxc3 20. Rxc3 Ba5 21. Rec1 Bxc3 22. bxc3 Rd1 23. Kb2 Rxc1 24. Bxc1 f6 25. g4 Ne7 26. Nd4 e5 27. Ne6 Rg8 28. c6 bxc6 29. Nc5 Ng6 30. Nxa6 Nh4 31. Nb4 Kd7 32. a4 Nf3 33. h3 Ra8 34. Kb3 g5 35. Nd3 Nh4 36. Nc5+ Kc7 37. Ne6+ Kd7 38. Nc5+ Kc8 39. Ne4 Rb8+ 40. Ka3 f5 41. Nd6+ Kc7 42. Nxf5 Nxf5 43. gxf5 Rf8 44. Be3 Rxf5 45. a5 Rf8 46. Bc5 Ra8 47. Bb6+ Kb7 48. Kb4 Ka6 49. Kc5 1-0